 Dungeon Crawl Stone Soup version 0.24-a0-416-g56ce5178b7 (webtiles) character file.

Game seed: 8218110137171909122

125876 theanonym the Eclecticist (level 16, -6/100 HPs)
             Began as a Deep Elf Ice Elementalist on June 9, 2019.
             Was a High Priest of Vehumet.
             Mangled by an earth elemental (33 damage)
             ... on level 1 of the Elven Halls.
             The game lasted 01:52:14 (51525 turns).

theanonym the Eclecticist (DEIE)                   Turns: 51525, Time: 01:52:15

Health: -6/100     AC: 23    Str:  5    XL:     16   Next: 42%
Magic:  10/52      EV: 22    Int: 28    God:    Vehumet [*****.]
Gold:   749        SH:  6    Dex: 18    Spells: 0/45 levels left

rFire    . . .     SeeInvis .   b - staff of power
rCold    + + .     Gourm    .   S - +1 buckler {rPois}
rNeg     . . .     Faith    .   Q - +0 leather armour of Dramatic Exits {rC+ Regen+}
rPois    +         Spirit   .   L - +0 hat {MR+}
rElec    .         Reflect  .   p - +2 cloak
rCorr    .         Harm     .   U - +1 pair of gloves {Dex+3}
MR       ++...                  z - +2 pair of boots
Stlth    ++........             M - amulet of the acrobat
HPRegen  0.66/turn              G - ring of wizardry
MPRegen  0.33/turn              g - ring of protection from cold

@: icy armour, deflect missiles
A: no striking features
a: Renounce Religion


   Skills:
 + Level 11.4 Fighting
 - Level 8.3 Armour
 + Level 14.6 Dodging
 - Level 2.4 Stealth
 - Level 4.1 Shields
 - Level 15.0 Spellcasting
 - Level 10.0 Conjurations
 - Level 6.0 Charms
 + Level 5.4 Necromancy
 - Level 5.1 Translocations
 - Level 12.0 Ice Magic
 + Level 4.0 Air Magic
 + Level 7.4 Earth Magic
 - Level 3.0 Poison Magic


You couldn't memorise any spells.
You knew the following spells:

 Your Spells              Type           Power        Failure   Level  Hunger
a - Iron Shot             Conj/Erth      ######....   1%          6    ####...
b - Bolt of Cold          Conj/Ice       ######....   1%          6    ####...
c - Throw Icicle          Conj/Ice       ######..     1%          4    None
d - Mephitic Cloud        Conj/Pois/Air  ######..     1%          3    None
e - Freeze                Ice            ####         1%          1    None
f - Freezing Cloud        Conj/Ice/Air   ######....   1%          6    ####...
g - Ozocubu's Armour      Chrm/Ice       ######..     1%          3    None
h - Throw Frost           Conj/Ice       ######       1%          2    None
j - Sublimation of Blood  Necr           ######....   1%          2    None
l - Blink                 Tloc           N/A          1%          2    None
q - Apportation           Tloc           #####.       1%          1    None
r - Regeneration          Chrm/Necr      ######....   1%          3    None
t - Deflect Missiles      Chrm/Air       #####.....   26%         6    ####...

Your spell library contained the following spells:

 Spells                   Type           Power        Failure   Level  Hunger
 Animate Skeleton         Necr           N/A          1%          1    None
 Beastly Appendage        Tmut           ###...       1%          1    None
 Confusing Touch          Hex            ###...       1%          1    None
 Magic Dart               Conj           ####         1%          1    None
 Sandblast                Erth           ######       1%          1    None
 Summon Butterflies       Summ           ###.....     1%          1    None
 Summon Small Mammal      Summ           ###.         1%          1    None
 Searing Ray              Conj           ######       1%          2    None
 Conjure Flame            Conj/Fire      #####...     1%          3    None
 Dazzling Spray           Conj/Hex       #####.       1%          3    None
 Gell's Gravitas          Tloc           #####.....   1%          3    None
 Ignite Poison            Fire/Tmut/Pois ####....     1%          3    None
 Lesser Beckoning         Tloc           #####.....   1%          3    None
 Recall                   Summ/Tloc      N/A          1%          3    None
 Force Lance              Conj/Tloc      ######..     1%          4    None
 Fulminant Prism          Conj/Hex       #####.....   1%          4    None
 Ice Form                 Ice/Tmut       ######..     1%          4    None
 Iskenderun's Mystic Bla  Conj           ######..     1%          4    None
 Summon Ice Beast         Ice/Summ       ######..     1%          4    None
 Fireball                 Conj/Fire      #####.....   1%          5    None
 Irradiate                Conj/Tmut      #####.....   1%          5    None
 Lee's Rapid Deconstruct  Erth           ######....   1%          5    None
 Call Imp                 Summ           ###.....     2%          2    None
 Slow                     Hex            ###.....     2%          2    None
 Sticks to Snakes         Tmut           ###.....     2%          2    None
 Spider Form              Tmut/Pois      ####......   2%          3    None
 Petrify                  Tmut/Erth      #####...     3%          4    None
 Metabolic Englaciation   Hex/Ice        ######....   3%          5    None
 Confuse                  Hex            ###.....     4%          3    None
 Tukima's Dance           Hex            ###.....     4%          3    None
 Poison Arrow             Conj/Pois      ######....   4%          6    ####...
 Bolt of Fire             Conj/Fire      #####.....   8%          6    ####...
 Yara's Violent Unravell  Hex/Tmut       ###.......   11%         5    None
 Cause Fear               Hex            ###.......   14%         4    None
 Silence                  Hex/Air        ####......   17%         5    None
 Alistair's Intoxication  Tmut/Pois      ####....     21%         5    None
 Blade Hands              Tmut           ###.......   36%         5    None
 Statue Form              Tmut/Erth      #####....    43%         6    ####...
 Lehudib's Crystal Spear  Conj/Erth      ######....   50%         8    #######
 Chain Lightning          Conj/Air       ######....   71%         8    #######
 Invisibility             Hex            ###.....     89%         6    ####...
 Shadow Creatures         Summ           N/A          89%         6    ####...
 Glaciate                 Conj/Ice       ######....   95%         9    #######
 Ring of Flames           Chrm/Fire      #####.....   96%         7    #####..
 Discord                  Hex            ###.......   100%        8    #######
 Ignition                 Fire           ###.......   100%        8    #######
 Fire Storm               Conj/Fire      #####.....   100%        9    #######

Skill      XL: |  1  2  3  4  5  6  7  8  9 10 11 12 13 14 15 16 |
---------------+-------------------------------------------------+-----
Ice Magic      | 4 5 6 7 8 9 11 12 | 12.0
Charms         | 1 2 3 5 6 |  6.0
Spellcasting   | 4 5 6 7 8 9 10 11 13 15 | 15.0
Conjurations   | 2 3 4 5 6 7 9 10 | 10.0
Shields        | 1 2 3 4 |  4.1
Armour         | 1 2 4 5 6 8 |  8.3
Dodging        | 4 6 7 9 10 12 14 | 14.6
Translocations | 2 3 5 |  5.1
Poison Magic   | 2 3 |  3.0
Air Magic      | 2 3 4 |  4.0
Fighting       | 1 3 6 8 10 11 | 11.4
Earth Magic    | 6 7 |  7.4
Necromancy     | 3 5 |  5.4
Stealth        | |  2.4

Action                   |  1- 3 |  4- 6 |  7- 9 | 10-12 | 13-15 | 16-18 || total
-------------------------+-------+-------+-------+-------+-------+-------++-------
Melee: Dagger            |    37 |    35 |   233 |    62 |       |       ||   367
       Short sword       |       |       |       |   182 |   206 |     5 ||   393
       Staff             |       |       |       |       |     5 |     2 ||     7
Throw: Throwing net      |       |       |     3 |       |       |       ||     3
 Cast: Freeze            |    39 |    43 |   148 |   154 |    64 |     4 ||   452
       Throw Frost       |    19 |    25 |    31 |    48 |    12 |       ||   135
       Throw Icicle      |       |     3 |    46 |    77 |   150 |    29 ||   305
       Ozocubu's Armour  |       |     1 |    13 |    27 |    18 |     1 ||    60
       Iskenderun's Myst |       |       |       |   182 |   363 |    75 ||   620
       Mephitic Cloud    |       |       |       |     5 |    18 |     1 ||    24
       Bolt of Cold      |       |       |       |       |   304 |    32 ||   336
       Blink             |       |       |       |       |     7 |       ||     7
       Iron Shot         |       |       |       |       |    10 |    25 ||    35
       Sublimation of Bl |       |       |       |       |       |     7 ||     7
       Freezing Cloud    |       |       |       |       |       |     4 ||     4
       Regeneration      |       |       |       |       |       |     3 ||     3
       Deflect Missiles  |       |       |       |       |       |     1 ||     1
Evoke: Wand              |       |       |     8 |    35 |    11 |     5 ||    59
       Phantom mirror    |       |       |       |       |     1 |       ||     1
  Use: Scroll            |       |     7 |     7 |    22 |     8 |     5 ||    49
       Potion            |       |       |     1 |     5 |       |     1 ||     7
 Stab: Sleeping          |     8 |     3 |     4 |     2 |       |       ||    17
       Paralysed         |       |       |     1 |     4 |       |       ||     5
       Confused          |       |       |       |     1 |     2 |       ||     3
  Eat: Chunk             |     3 |     9 |    10 |    12 |    47 |     2 ||    83
       Ration            |       |     1 |     5 |     9 |    23 |     4 ||    42
Armor: Robe              |    17 |    16 |     4 |       |       |       ||    37
       Leather armour    |       |       |    81 |   139 |   123 |    13 ||   356
Dodge: Dodged            |    54 |    46 |   205 |   403 |   427 |    76 ||  1211
Block: Buckler           |       |    26 |    96 |   176 |   166 |    23 ||   487

Inventory:

Hand Weapons
 a - the +9 short sword of Kag Raka {elec, rN+ Str+2} Occasionally, upon striking a foe, it will discharge some electrical energy and cause terrible harm. It affects your strength (+2). It protects you from negative energy.
Armour
 p - a +2 cloak (worn)
 z - a +2 pair of boots (worn)
 L - a +0 hat of magic resistance (worn)
 Q - the +0 leather armour of Dramatic Exits (worn) {rC+ Regen+}

   It protects you from cold.
   It increases your rate of regeneration.
 S - a +1 buckler of poison resistance (worn)
 U - a +1 pair of gloves of dexterity (worn)
Magical Staves
 b - an uncursed staff of power (weapon)
Jewellery
 g - a ring of protection from cold (right hand)
 l - an uncursed ring of fire
 C - an uncursed ring of resist corrosion
 G - a ring of wizardry (left hand)
 M - an amulet of the acrobat (around neck)
Wands
 d - a wand of digging (1)
 v - a wand of acid (3)
 F - a wand of iceblast (8)
 H - a wand of random effects (2)
 I - a wand of flame (72)
Scrolls
 f - 3 scrolls of fog
 n - 7 scrolls of remove curse
 r - 5 scrolls of identify
 t - 8 scrolls of teleportation
 y - 2 scrolls of magic mapping
 B - a scroll of blinking
 K - 2 scrolls of immolation
 O - 2 scrolls of fear
 P - a scroll of enchant armour
Potions
 c - 9 potions of lignification
 h - 7 potions of haste
 i - 3 potions of mutation
 j - 5 potions of agility
 m - 3 potions of might
 o - 2 potions of magic
 q - 3 potions of heal wounds
 s - a potion of ambrosia
 w - 7 potions of curing
 x - 2 potions of cancellation
 A - a potion of resistance
 D - 7 potions of flight
 J - 3 potions of brilliance
 N - 3 potions of invisibility
Miscellaneous
 E - a phantom mirror
 R - a lightning rod (4/4)
 T - a phial of floods
Comestibles
 e - 6 rations


You were on level 1 of the Elven Halls.
You worshipped Vehumet.
Vehumet was extremely pleased with you.
You were not hungry.

You visited 6 branches of the dungeon, and saw 27 of its levels.
You visited the Abyss 1 time.
You also visited: Ice Cave.

You collected 3096 gold pieces.
You spent 2347 gold pieces at shops.

Dungeon Overview and Level Annotations

Branches:
Dungeon (15/15)            Temple (1/1) D:7            Lair (6/6) D:9
  Swamp (2/4) Lair:4        Snake (0/4) Lair:4        Slime (0/5) Lair:6
    Orc (2/2) D:12            Elf (1/3) Orc:2        Vaults (0/5) D:14
 Depths (0/5) D:15

Altars:
Ashenzari
Cheibriados
Dithmenos
Elyvilon
Fedhas
Gozag
Hepliaklqana
Kikubaaqudgha
Makhleb
Nemelex Xobeh
Okawaru
Qazlal
Ru
Sif Muna
Trog
Uskayaw
Vehumet
Wu Jian
Xom
Yredelemnul
Zin
The Shining One

Shops:
D:9 !   Orc:2 ![*:

Portals:
Pandemonium: Orc:2
Trove: D:11 (give +4 fire dragon scales)

Annotations:
D:5 1 runed translucent door
Swamp:2 Louise
Elf:1 Jorgrun

..# ##)......# ..#
#####.).....## ..#
###...#........#
..#
#.....'.......###
###
#......#.......#.#
#
...8....+.....#.#
.......##......#
....### ###'#.#
..###### #@.#
........###E##
.e.....+.g§#
8§.8..)#§e.#
.......e§#§#
..e....###.#
.###### #.# #.#
#+#


You could see Jorgrun, a deep elf archer, an earth elemental and a deep elf
mage.

Notes
Turn   | Place    | Note
-------+----------+-------------------------------------------
     0 | D:1      | theanonym the Deep Elf Ice Elementalist began the quest for
                  | the Orb.
     0 | D:1      | Reached XP level 1. HP: 10/10 MP: 6/6
    63 | D:1      | HP: 5/10 [bat (1)]
   328 | D:1      | Reached XP level 2. HP: 15/15 MP: 5/8
   337 | D:1      | Learned a level 2 spell: Throw Frost
   892 | D:2      | Reached XP level 3. HP: 19/19 MP: 6/10
   927 | D:2      | Learned a level 3 spell: Ozocubu's Armour
  1144 | D:2      | Reached skill level 4 in Ice Magic
  1256 | D:2      | Reached skill level 1 in Charms
  1299 | D:2      | Reached skill level 4 in Spellcasting
  1716 | D:3      | Reached skill level 2 in Conjurations
  1747 | D:3      | Found a faded altar of an unknown god.
  1790 | D:3      | Reached XP level 4. HP: 24/24 MP: 4/12
  1854 | D:3      | Learned a level 4 spell: Throw Icicle
  2046 | D:3      | Reached skill level 1 in Shields
  2702 | D:4      | Reached skill level 2 in Charms
  2879 | D:4      | Reached XP level 5. HP: 28/28 MP: 9/13
  3038 | D:4      | HP: 14/28 [bullfrog skeleton (7)]
  3296 | D:4      | Noticed a sky beast
  3318 | D:4      | Reached skill level 2 in Shields
  3419 | D:4      | Killed a sky beast
  3419 | D:4      | Reached XP level 6. HP: 32/32 MP: 11/15
  3420 | D:4      | Reached skill level 3 in Charms
  3432 | D:4      | Reached skill level 3 in Conjurations
  3842 | D:4      | HP: 15/32 [black bear (3)]
  3846 | D:4      | Reached skill level 5 in Spellcasting
  4934 | D:5      | Entered Level 5 of the Dungeon
  5280 | D:5      | Reached skill level 3 in Shields
  5280 | D:5      | Reached XP level 7. HP: 36/36 MP: 12/16
  5301 | D:4      | HP: 10/36 [shadow imp/nerve-wracking pain (11)]
  5730 | D:5      | Reached skill level 4 in Charms
  5730 | D:5      | Reached skill level 5 in Ice Magic
  5915 | D:5      | Found a runed translucent door.
  5930 | D:5      | Found a runed translucent door.
  5940 | D:5      | Noticed MirrMurr's ghost (novice GnWn)
  5955 | D:5      | HP: 14/36 [MirrMurr's ghost/magic dart (5)]
  6146 | D:5      | Killed MirrMurr's ghost
  6146 | D:5      | Reached skill level 1 in Armour
  6146 | D:5      | Reached skill level 4 in Shields
  6146 | D:5      | Reached skill level 6 in Spellcasting
  6146 | D:5      | Reached skill level 4 in Conjurations
  6146 | D:5      | Reached skill level 5 in Charms
  6146 | D:5      | Reached XP level 8. HP: 25/41 MP: 7/19
  7209 | D:6      | Reached skill level 3 in Dodging
  7331 | D:6      | Reached skill level 2 in Armour
  7448 | D:6      | HP: 20/41 [centaur (2)]
  7487 | D:6      | Found a snail-covered altar of Cheibriados.
  7494 | D:6      | Reached skill level 6 in Ice Magic
  7684 | D:6      | Found a runed translucent door.
  7685 | D:6      | Noticed Crazy Yiuf
  7866 | D:6      | Found an ornate altar of the Wu Jian Council.
  8065 | D:6      | Reached skill level 5 in Conjurations
  8271 | D:6      | Killed Crazy Yiuf
  8505 | D:7      | Reached skill level 4 in Dodging
  8505 | D:7      | Reached skill level 7 in Spellcasting
  8658 | D:7      | HP: 20/41 [poisoned by a worker ant]
  8663 | D:7      | HP: 17/41 [poisoned by a worker ant]
  8669 | D:7      | HP: 14/41 [poisoned by a worker ant]
  8675 | D:7      | HP: 13/41 [poisoned by a worker ant]
  8683 | D:7      | HP: 12/41 [poisoned by a worker ant]
  9034 | D:7      | Reached XP level 9. HP: 40/45 MP: 10/21
  9162 | D:7      | Found a staircase to the Ecumenical Temple.
  9167 | Temple   | Entered the Ecumenical Temple
  9175 | Temple   | Became a worshipper of Vehumet
  9679 | D:7      | Reached skill level 3 in Armour
  9900 | D:8      | Noticed Prince Ribbit
  9913 | D:8      | Killed Prince Ribbit
 10476 | D:8      | Reached skill level 5 in Dodging
 10691 | D:8      | Reached skill level 7 in Ice Magic
 10806 | D:7      | Learned a level 2 spell: Blink
 10809 | D:8      | Reached skill level 8 in Spellcasting
 10809 | D:8      | Reached skill level 6 in Conjurations
 11064 | D:8      | HP: 21/45 [phantom (4)]
 11294 | D:8      | Noticed a two-headed ogre
 11305 | D:8      | Killed a two-headed ogre
 11305 | D:8      | Reached skill level 4 in Armour
 11305 | D:8      | Reached skill level 2 in Translocations
 11448 | D:8      | Noticed Maurice
 11450 | D:8      | Noticed a two-headed ogre
 11464 | D:8      | HP: 18/45 [two-headed ogre/+0 giant club (13)]
 11479 | D:8      | HP: 4/45 [Maurice/iceblast (16)]
 12058 | D:8      | Killed Maurice
 12058 | D:8      | Reached skill level 6 in Dodging
 12058 | D:8      | Reached XP level 10. HP: 36/50 MP: 5/24
 12060 | D:8      | HP: 17/50 [two-headed ogre/+0 giant club (19)]
 12445 | D:8      | Killed a two-headed ogre
 12445 | D:8      | Reached skill level 9 in Spellcasting
 12445 | D:8      | Reached skill level 3 in Translocations
 12805 | D:9      | Found Wirer's Distillery.
 12813 | D:9      | Bought 2 potions of lignification for 96 gold pieces
 12813 | D:9      | Bought a potion of heal wounds for 80 gold pieces
 12813 | D:9      | Bought a potion of haste for 160 gold pieces
 12975 | D:9      | Reached skill level 7 in Conjurations
 13000 | D:9      | Reached * piety under Vehumet
 13000 | D:9      | Offered knowledge of Sting by Vehumet.
 13000 | D:9      | Reached skill level 8 in Ice Magic
 13006 | D:9      | HP: 22/50 [killer bee (4)]
 13012 | D:9      | HP: 21/50 [poisoned by a killer bee]
 13020 | D:9      | HP: 20/50 [poisoned by a killer bee]
 13243 | D:9      | Learned a level 4 spell: Iskenderun's Mystic Blast
 13247 | D:9      | Learned a level 3 spell: Mephitic Cloud
 13273 | D:9      | Noticed a green ugly thing
 13287 | D:9      | HP: 25/50 [poisoned by a green ugly thing]
 13292 | D:9      | HP: 20/50 [poisoned by a green ugly thing]
 13296 | D:9      | HP: 9/50 [poisoned by a green ugly thing]
 13309 | D:8      | HP: 12/50 [phantom (9)]
 13314 | D:8      | HP: 11/50 [phantom (1)]
 13572 | D:9      | Killed a white ugly thing
 13572 | D:9      | Reached skill level 7 in Dodging
 13572 | D:9      | Reached skill level 1 in Poison Magic
 13783 | D:9      | Reached skill level 1 in Air Magic
 13951 | D:9      | Noticed Psyche
 13962 | D:9      | Killed Psyche
 13962 | D:9      | Reached skill level 5 in Armour
 13980 | D:9      | HP: 25/50 [killer bee (4)]
 13994 | D:8      | HP: 22/50 [killer bee (5)]
 13999 | D:8      | HP: 13/50 [poisoned by a killer bee]
 14004 | D:8      | HP: 9/50 [poisoned by a killer bee]
 14010 | D:8      | HP: 6/50 [poisoned by a killer bee]
 14015 | D:8      | HP: 5/50 [poisoned by a killer bee]
 14022 | D:8      | HP: 4/50 [poisoned by a killer bee]
 14030 | D:8      | HP: 4/50 [poisoned by a killer bee]
 14447 | D:9      | Reached skill level 2 in Poison Magic
 14753 | D:9      | Reached skill level 2 in Air Magic
 15002 | D:9      | Found a staircase to the Lair.
 15081 | D:9      | Offered knowledge of Flame Tongue by Vehumet.
 15081 | D:9      | Reached skill level 1 in Fighting
 15084 | D:9      | Reached XP level 11. HP: 40/56 MP: 3/26
 15570 | D:9      | Reached ** piety under Vehumet
 15672 | D:10     | Entered Level 10 of the Dungeon
 16047 | D:10     | Reached skill level 10 in Spellcasting
 16547 | D:11     | Identified the +9 short sword of Kag Raka {elec, rN+ Str+2}
                  | (You found it on level 11 of the Dungeon)
 16762 | D:11     | Found a portal to a secret trove of treasure.
 16854 | D:11     | Reached skill level 3 in Poison Magic
 16864 | D:11     | Offered knowledge of Ignite Poison by Vehumet.
 17139 | D:11     | Found a shadowy altar of Dithmenos.
 17159 | D:11     | Reached skill level 8 in Conjurations
 17159 | D:11     | Reached skill level 3 in Air Magic
 17163 | D:11     | Reached *** piety under Vehumet
 17427 | D:11     | Reached skill level 2 in Fighting
 17493 | D:11     | Reached skill level 8 in Dodging
 17493 | D:11     | Reached skill level 9 in Ice Magic
 17867 | Lair:1   | Entered Level 1 of the Lair of Beasts
 18281 | Lair:1   | Reached skill level 4 in Translocations
 18301 | Lair:1   | HP: 29/58 [crocodile (12)]
 18307 | Lair:1   | HP: 8/59 [komodo dragon (21)]
 18788 | Lair:1   | Noticed Gastronok
 18808 | Lair:1   | HP: 22/59 [Gastronok/the air (22)]
 18845 | Lair:1   | HP: 24/59 [Gastronok/the air (17)]
 18849 | Lair:1   | Killed Gastronok
 18849 | Lair:1   | Reached skill level 3 in Fighting
 18849 | Lair:1   | Reached skill level 5 in Translocations
 19161 | Lair:1   | Reached skill level 9 in Dodging
 20012 | Lair:2   | Reached skill level 9 in Conjurations
 20166 | Lair:2   | Offered knowledge of Static Discharge by Vehumet.
 20182 | Lair:2   | Reached XP level 12. HP: 39/66 MP: 28/28
 20775 | Lair:3   | Reached skill level 10 in Ice Magic
 20915 | Lair:3   | Reached skill level 4 in Fighting
 21263 | Lair:3   | HP: 13/66 [lindwurm/blast of flame (33)]
 21701 | Lair:3   | HP: 33/67 [blink frog (2)]
 21984 | Lair:3   | HP: 19/67 [spiny frog (23)]
 21986 | Lair:3   | Reached skill level 10 in Dodging
 22232 | Lair:3   | HP: 28/67 [komodo dragon (15)]
 22977 | Lair:3   | Reached skill level 10 in Conjurations
 22983 | Lair:3   | HP: 32/68 [vampire mosquito (5)]
 22984 | Lair:3   | Reached **** piety under Vehumet
 23162 | Lair:4   | Found a staircase to the Swamp.
 23208 | Lair:4   | Reached skill level 5 in Fighting
 23308 | Lair:4   | Offered knowledge of Inner Flame by Vehumet.
 23311 | Lair:4   | Found a staircase to the Snake Pit.
 23846 | Lair:4   | Reached skill level 11 in Ice Magic
 23867 | Lair:4   | HP: 34/68 [poisoned by a black mamba]
 23875 | Lair:4   | HP: 34/68 [poisoned by a black mamba]
 24737 | Lair:5   | Reached skill level 6 in Armour
 25262 | Lair:5   | Reached skill level 6 in Fighting
 25881 | Lair:6   | Entered Level 6 of the Lair of Beasts
 25891 | Lair:6   | Noticed a four-headed hydra
 25902 | Lair:6   | Reached XP level 13. HP: 74/74 MP: 16/29
 26193 | Lair:6   | Found a hazy altar of Hepliaklqana.
 26624 | Lair:6   | Reached ***** piety under Vehumet
 26625 | Lair:6   | HP: 37/76 [yak (10)]
 26627 | Lair:6   | Offered knowledge of Lightning Bolt by Vehumet.
 26810 | Lair:6   | Reached skill level 12 in Ice Magic
 26817 | Lair:6   | Reached skill level 7 in Armour
 27080 | Lair:6   | Reached skill level 7 in Fighting
 27090 | Lair:6   | HP: 32/76 [polar bear (13)]
 27112 | Lair:6   | HP: 20/76 [elephant (17)]
 27171 | Lair:6   | HP: 32/76 [basilisk (1)]
 27179 | Lair:6   | HP: 30/76 [basilisk (4)]
 27520 | Lair:6   | Found a staircase to the Slime Pits.
 28309 | Lair:6   | HP: 36/77 [death yak (9)]
 28327 | Lair:6   | HP: 19/77 [death yak (15)]
 28331 | Lair:6   | HP: 5/77 [death yak (13)]
 28759 | Lair:5   | HP: 37/78 [death yak (16)]
 28762 | Lair:5   | Reached skill level 8 in Armour
 29378 | Lair:6   | Reached skill level 8 in Fighting
 29391 | Lair:6   | Reached skill level 11 in Spellcasting
 29559 | Lair:5   | HP: 28/78 [death yak (17)]
 29564 | Lair:5   | HP: 22/78 [death yak (7)]
 29813 | Lair:5   | HP: 39/78 [death yak (14)]
 30447 | Lair:6   | HP: 38/78 [deep troll shaman (7)]
 31048 | Lair:6   | Found a staircase to the Slime Pits.
 31130 | Lair:6   | Found a hazy altar of Hepliaklqana.
 31899 | D:12     | Reached XP level 14. HP: 75/84 MP: 3/31
 32709 | D:13     | Noticed Rupert
 33016 | D:12     | Found a staircase to the Orcish Mines.
 33024 | D:12     | Offered knowledge of Bolt of Cold by Vehumet.
 33762 | D:12     | Learned a level 6 spell: Bolt of Cold
 33834 | D:13     | Reached skill level 12 in Spellcasting
 34448 | D:13     | Reached skill level 11 in Dodging
 34456 | D:13     | Noticed Snorg
 34469 | D:13     | HP: 40/84 [Snorg (5)]
 34472 | D:13     | Killed Snorg
 34753 | D:13     | Reached skill level 9 in Fighting
 34918 | D:12     | HP: 16/86 [very large slime creature (30)]
 35560 | D:13     | Noticed Kirke
 35706 | D:13     | Got a slimy leather armour
 35739 | D:13     | HP: 34/86 [something (18)]
 35748 | D:13     | HP: 23/86 [something (13)]
 35755 | D:12     | HP: 20/86 [something (5)]
 35951 | D:12     | Identified the +0 leather armour of Dramatic Exits {rC+
                  | Regen+} (You found it on level 13 of the Dungeon)
 36526 | D:13     | Killed Rupert
 36761 | D:13     | Killed Kirke
 36761 | D:13     | Reached skill level 13 in Spellcasting
 36953 | D:14     | Found a snail-covered altar of Cheibriados.
 37041 | D:14     | Found a frozen archway.
 37175 | IceCv    | Entered an ice cave
 37644 | IceCv    | Reached skill level 12 in Dodging
 38176 | D:14     | Identified Roxanne's Guide on the Mountains
 38176 | D:14     | Noticed Roxanne
 38187 | D:14     | HP: 42/87 [centaur warrior/arrow (21)]
 38655 | D:14     | Offered knowledge of Ozocubu's Refrigeration by Vehumet.
 38672 | D:14     | HP: 41/87 [human (7)]
 39243 | D:14     | HP: 12/87 [Roxanne/crystal spear (41)]
 39368 | D:14     | Killed Roxanne
 39368 | D:14     | Reached skill level 10 in Fighting
 39384 | D:14     | Learned a level 6 spell: Iron Shot
 39511 | D:14     | Reached XP level 15. HP: 92/92 MP: 19/34
 39547 | D:14     | Reached skill level 14 in Spellcasting
 39712 | D:14     | Found a gate to the Vaults.
 40040 | D:15     | Entered Level 15 of the Dungeon
 40261 | D:15     | Reached skill level 1 in Earth Magic
 40648 | D:15     | Reached skill level 2 in Earth Magic
 40869 | D:15     | Reached skill level 13 in Dodging
 41349 | D:15     | Found a staircase to the Depths.
 41438 | D:15     | Found a staircase to the Depths.
 42295 | D:12     | Found a staircase to the Orcish Mines.
 42386 | Orc:1    | Entered Level 1 of the Orcish Mines
 42832 | Orc:1    | You fall into a shaft and drop 1 floor!
 42832 | Orc:2    | Entered Level 2 of the Orcish Mines
 42833 | Orc:2    | Noticed Azrael
 42835 | Orc:2    | HP: 36/93 [Azrael/fireball (32)]
 43179 | Orc:2    | Reached skill level 3 in Earth Magic
 43355 | Orc:2    | Noticed an orc warlord
 43639 | Orc:2    | Killed an orc warlord
 43639 | Orc:2    | Offered knowledge of Bolt of Magma by Vehumet.
 44143 | Orc:2    | Found a staircase to the Elven Halls.
 44292 | Orc:2    | Killed Azrael
 44863 | Orc:2    | Reached skill level 4 in Earth Magic
 45010 | Orc:2    | Found Jehu's General Store.
 45196 | Orc:2    | Found Siqaugia's Distillery.
 45517 | Orc:2    | HP: 34/93 [orc knight/+0 great mace (40)]
 45531 | Orc:2    | HP: 37/93 [something] (5)]
 45959 | Orc:2    | Reached skill level 15 in Spellcasting
 45959 | Orc:2    | Reached skill level 5 in Earth Magic
 46138 | Orc:2    | Found Ekasanuv's Antique Armour Shoppe.
 46138 | Orc:2    | Found Peuvucia's Book Emporium.
 46138 | Orc:2    | Found a one-way gate leading to the halls of Pandemonium.
 46151 | Orc:2    | Bought the Papyrus of the Blowfly for 1007 gold pieces
 46155 | Orc:2    | Learned a level 3 spell: Regeneration
 46288 | Orc:2    | Bought an embroidered scarf for 216 gold pieces
 46288 | Orc:2    | Bought a pair of runed gloves for 202 gold pieces
 46416 | Orc:2    | Found Jehu's General Store.
 46418 | Orc:2    | Found Siqaugia's Distillery.
 46635 | Orc:2    | Found a staircase to the Elven Halls.
 46739 | Orc:2    | Found Ekasanuv's Antique Armour Shoppe.
 46739 | Orc:2    | Found Peuvucia's Book Emporium.
 46739 | Orc:2    | Found a one-way gate leading to the halls of Pandemonium.
 47109 | Swamp:1  | Entered Level 1 of the Swamp
 47109 | Swamp:1  | Found a snail-covered altar of Cheibriados.
 47135 | Swamp:1  | Learned a level 1 spell: Apportation
 47151 | Swamp:1  | Reached skill level 1 in Necromancy
 47585 | Orc:2    | Bought a +1 buckler of poison resistance for 202 gold
                  | pieces
 47743 | D:9      | Bought a potion of lignification for 48 gold pieces
 47743 | D:9      | Bought 2 potions of invisibility for 256 gold pieces
 47743 | D:9      | Bought a potion of heal wounds for 80 gold pieces
 48255 | Swamp:1  | Reached skill level 11 in Fighting
 48312 | Swamp:1  | Reached skill level 2 in Necromancy
 48314 | Swamp:1  | Reached skill level 14 in Dodging
 48875 | Swamp:2  | Reached skill level 6 in Charms
 48882 | Swamp:2  | Reached skill level 6 in Earth Magic
 49015 | Swamp:2  | Reached skill level 3 in Necromancy
 49015 | Swamp:2  | Reached XP level 16. HP: 100/100 MP: 15/37
 49141 | Swamp:2  | Offered knowledge of Freezing Cloud by Vehumet.
 49862 | Swamp:2  | Reached skill level 4 in Necromancy
 50009 | Swamp:2  | Noticed Louise
 50032 | Swamp:2  | Cast into level 2 of the Abyss (Louise)
 50160 | Abyss:2  | Learned a level 6 spell: Freezing Cloud
 50395 | Abyss:2  | Noticed a Hell Sentinel
 50555 | Abyss:2  | Found a corrupted altar of Lugonu.
 50655 | Abyss:2  | Learned a level 2 spell: Sublimation of Blood
 50765 | Abyss:2  | Reached skill level 7 in Earth Magic
 50788 | Abyss:2  | HP: 35/90 [??? (32)]
 50797 | Abyss:2  | Reached skill level 5 in Necromancy
 50799 | Swamp:2  | Escaped the Abyss
 50914 | Swamp:1  | Learned a level 6 spell: Deflect Missiles
 51190 | Elf:1    | Entered Level 1 of the Elven Halls
 51394 | Elf:1    | Reached skill level 4 in Air Magic
 51512 | Elf:1    | Noticed Jorgrun
 51516 | Elf:1    | HP: 48/100 [Jorgrun/+0 quarterstaff of crushing (8)]
 51524 | Elf:1    | HP: 26/100 [Jorgrun/blast of rock fragments (27)]
 51525 | Elf:1    | Mangled by an earth elemental

Vanquished Creatures
  Rupert (D:13)
  Kirke (D:13)
  Gastronok (Lair:1)
  Roxanne (D:14)
  An orc warlord (Orc:2)
  Azrael (Orc:2)
  Snorg (D:13)
  2 fire dragons (D:15)
  9 hydras
  A vault guard (D:14)
  2 centaur warriors
  5 alligators
  5 death yaks
  2 catoblepae
  A deep troll shaman (Lair:6)
  5 two-headed ogres
  4 dancing weapons (Elf:1)
  A thrashing horror (Abyss:2)
  A sun demon (Orc:2)
  5 orc high priests (Orc:2)
  3 spriggans
  A deep elf knight (Elf:1)
  A wretched star (Abyss:2)
  An unseen horror (D:15)
  3 swamp dragons
  A spriggan druid (Swamp:2)
  2 gelid demonspawn (Orc:2)
  4 hell knights (Abyss:2)
  A lindwurm (Lair:3)
  2 necromancers
  4 orc knights (Orc:2)
  3 wizards (D:14)
  5 deep elf magi
  8 orc sorcerers (Orc:2)
  4 ugly things
  2 oklob plants
  The ghost of MirrMurr the Caller, a novice GnWn of Hepliaklqana (D:5)
  2 cyclopes (D:15)
  A wolf spider zombie (D:14)
  13 elephants
  2 manticores
  Maurice (D:8)
  8 black mambas
  A guardian serpent (Abyss:2)
  Psyche (D:9)
  A rust devil (Orc:2)
  16 spiny frogs
  2 smoke demons
  3 ice statues (IceCv)
  An eye of devastation (Lair:6)
  2 orange demons
  A yaktaur (D:14)
  An efreet (D:15)
  11 komodo dragons
  8 ice devils (IceCv)
  A freezing wraith (D:15)
  A kobold demonologist (D:11)
  2 tengu conjurers (D:13)
  A red devil (Orc:2)
  3 meliai (D:15)
  3 ancient zymes (Abyss:2)
  7 trolls
  A queen bee (D:9)
  3 tyrant leeches
  3 polar bears (Lair:6)
  A harpy skeleton (D:13)
  7 hippogriffs
  A hornet (Swamp:1)
  11 slime creatures
  Prince Ribbit (D:8)
  11 blink frogs
  7 dream sheep (Lair:6)
  An air elemental (Elf:1)
  4 shadows
  A wraith (D:15)
  5 wyverns
  A fire bat (shapeshifter) (D:15)
  18 humans (D:14)
  24 yaks
  A basilisk (Lair:6)
  A hungry ghost (D:9)
  5 fire elementals
  3 hogs (D:13)
  2 neqoxecs
  12 vampire mosquitoes
  2 wargs (Orc:2)
  5 swamp worms
  6 insubstantial wisps (Swamp:2)
  3 nagas (Lair:4)
  6 large abominations (Abyss:2)
  A hell hound (Orc:2)
  4 water moccasins
  8 swamp drakes
  11 porcupines
  5 phantoms
  29 orc warriors
  4 sky beasts
  5 black bears
  16 ice beasts
  An eye of draining (Lair:6)
  11 ogres
  17 centaurs
  4 wolves (Lair:6)
  4 small abominations
  12 crocodiles
  3 big kobolds
  19 bullfrogs
  An earth elemental (Elf:1)
  8 scorpions
  25 killer bees
  3 wights (D:8)
  5 howler monkeys (D:9)
  4 electric eels (Lair:2)
  6 crimson imps
  5 starcursed masses (Abyss:2)
  3 draconian simulacra (IceCv)
  10 jellies
  A quasit (D:8)
  2 bullfrog zombies
  2 centaur zombies
  9 hounds
  A gnoll shaman (D:7)
  21 orc priests
  Crazy Yiuf (D:6)
  4 centaur skeletons
  2 bullfrog skeletons
  4 iguanas
  15 orc wizards
  12 worker ants
  2 troll simulacra (IceCv)
  A centaur simulacrum (IceCv)
  3 gnolls (D:7)
  3 worker ant zombies
  2 ogre simulacra (IceCv)
  11 adders
  2 naga simulacra (IceCv)
  3 river rats
  5 shadow imps
  15 oozes (Lair:5)
  An adder skeleton (D:7)
  A worm (D:5)
  2 dart slugs
  5 leopard geckos
  75 orcs
  11 giant cockroaches
  8 goblins
  6 hobgoblins
  3 quokkas
  6 ball pythons
  9 bats
  5 frilled lizards
  A jackal skeleton (D:5)
  A jackal zombie (D:6)
  21 kobolds
  A leopard gecko skeleton (D:5)
  A leopard gecko zombie (D:6)
  2 quokka skeletons
  16 rats
  4 fungi
  A plant (Lair:6)
860 creatures vanquished.

Vanquished Creatures (others)
  An ice devil (Orc:2)
  A warg (Orc:2)
  25 fungi
  13 plants
40 creatures vanquished.

Grand Total: 900 creatures vanquished

Table legend:
 A = Turns spent in this place as a percentage of turns spent in the entire game.
 B = Non-inter-level travel turns spent in this place as a percentage of non-inter-level travel turns spent in the entire game.
 C = Inter-level travel turns spent in this place as a percentage of turns spent in this place.
 D = Turns resting spent in this place as a percentage of non-inter-level travel turns spent in this place.
 E = Turns spent auto-exploring this place as a percentage of non-inter-level travel turns spent in this place.
 F = Non-inter-level travel turns spent in this place divided by the number of levels of this place that you've seen.
                   A       B       C       D       E      F
               +-------+-------+-------+-------+-------+----------------------
         Total | 100.0 | 100.0 |   5.6 |  48.6 |  37.5 | 1677.7
       Dungeon |  53.9 |  53.6 |   6.1 |  44.6 |  40.9 | 1739.9
        Temple |   0.1 |   0.1 |  29.3 |   0.0 |  94.3 |  53.0
          Lair |  28.0 |  27.9 |   5.9 |  50.5 |  37.5 | 2262.8
         Swamp |   4.9 |   5.0 |   4.1 |  59.0 |  29.7 | 1220.0
  Orcish Mines |   8.9 |   9.0 |   4.3 |  57.0 |  31.8 | 2199.0
   Elven Halls |   0.7 |   0.7 |   0.3 |  62.6 |  26.6 | 334.0
         Abyss |   1.5 |   1.6 |   0.0 |  57.2 |   9.0 | 767.0
      Ice Cave |   1.9 |   2.0 |   0.0 |  58.8 |  15.1 | 986.0
               +-------+-------+-------+-------+-------+----------------------
